 Dungeon Crawl Stone Soup version 0.31-a0-626-g8143ab4f1d (webtiles) character file.

Game seed: 3672338656585590102

423756 Midn8 the Slayer (level 22, -18/309 HPs)
             Began as an Armataur Monk on Aug 24, 2023.
             Was the Champion of Hepliaklqana.
             Demolished by a vampire knight
             ... wielding the +5 scythe "Finisher" {speed, execute}
              (27 damage)
             ... on level 3 of the Crypt.
             The game lasted 02:25:52 (52438 turns).

Midn8 the Slayer (Armataur Monk)                   Turns: 52438, Time: 02:25:53

Health: -18/309    AC: 19    Str: 31    XL:     22   Next: 70%
Magic:  28/28      EV: 14    Int: 11    God:    Hepliaklqana [******]
Gold:   1746       SH:  0    Dex: 17    Spells: 21/21 levels left

rFire   + +          +
                       - Unarmed
rCold   + + .        c - melded orb {light}
rNeg    + . .        x - melded +4 plate armour {rF+}
rPois   +            Q - melded +1 helmet of the Sun {Int+3 Dex+4}
rElec   .            k - melded scarf {shadows}
rCorr   .            P - melded +2 pair of gloves {infuse}
SInv    .            X - melded +6 lightning scales {swift, rElec}
Will    +....        a - amulet "Meankimu" {Acrobat +Blink rF+++ Regen+ Int-2}
Stlth   +            Z - ring of the Heron {rC+++ rN+ Slay+2 Stlth-}
HPRegen 1.51/turn    N - +4 ring of protection
MPRegen 0.21/turn

%: acrobat, roll
@: short of breath, dragon-form, flying, studying 2 skills
A: dragon claw, dragon scales, breathe fire, flying, boosted hp, reduced
essence, giant, rugged brown scales 3, (deformed body), (armoured tail), roll,
long tongue, awkward tongue
}: 2/15 runes: serpentine, barnacled
a: Breathe Fire, Begin Untransformation, Renounce Religion, Evoke Blink, Recall
Ancestor, Ancestor Identity, Transference, Idealise


You were on level 3 of the Crypt.
You worshipped Hepliaklqana.
Hepliaklqana was exalted by your worship.
You were a fearsome dragon!
You visited 9 branches of the dungeon, and saw 41 of its levels.
You also visited: Ossuary, Bailey, Wizlab and Desolation.

You collected 4834 gold pieces.
You spent 3088 gold pieces at shops.

Inventory:

Missiles
 r - 10 throwing nets
 M - 6 curare-tipped darts
Armour
 c - an orb of light (melded)
 k - a scarf of shadows (melded)
 x - a +4 plate armour of fire resistance (melded)
 P - a +2 pair of gloves of infusion (melded)
 Q - the +1 helmet of the Sun (melded) {Int+3 Dex+4}
   (You bought it in a shop on level 2 of the Dungeon)

   Int+3:     It affects your intelligence (+3).
   Dex+4:     It affects your dexterity (+4).
 X - the +6 lightning scales (melded) {swift, rElec}
   (You acquired it on level 2 of the Orcish Mines)

   Swift:     It allows the wearer to cover ground more swiftly.
   rElec:     It insulates you from electricity.
Jewellery
 a - the amulet "Meankimu" (around neck) {Acrobat +Blink rF+++ Regen+ Int-2}
   (You acquired it on level 2 of the Orcish Mines)

   [amulet of the acrobat]

   Acrobat:   It increases your evasion while moving and waiting.
   Int-2:     It affects your intelligence (-2).
   rF+++:     It renders you almost immune to fire.
   +Blink:    It lets you blink.
   Regen+:    It increases your rate of health regeneration.
 w - the ring of Votintu {rPois Dex+5}
   (You found it on level 5 of the Lair of Beasts)

   [ring of poison resistance]

   Dex+5:     It affects your dexterity (+5).
   rPois:     It protects you from poison
 N - a +4 ring of protection (right foreclaw)
 Z - the ring of the Heron (left foreclaw) {rC+++ rN+ Slay+2 Stlth-}
   (You bought it in a shop on level 2 of the Orcish Mines)

   [ring of positive energy]

   Slay+2:    It affects your accuracy & damage with ranged weapons and melee
   (+2).
   rC+++:     It renders you almost immune to cold.
   rN+:       It protects you from negative energy.
   Stlth-:    It makes you less stealthy.
Talismans
 q - a talisman of death
 W - a dragon-blood talisman (active)
Wands
 l - a wand of mindburst (40)
 B - a wand of acid (44)
 D - a wand of digging (8)
 E - a wand of iceblast (52)
 G - a wand of polymorph (21)
 I - a wand of flame (12)
 L - a wand of charming (21)
Scrolls
 d - 8 scrolls of poison
 f - 2 scrolls of fog
 i - a scroll of fear
 n - 13 scrolls of teleportation
 o - 5 scrolls of silence
 t - 12 scrolls of vulnerability
 u - 10 scrolls of enchant weapon
 y - 4 scrolls of blinking
 J - 8 scrolls of amnesia
 K - 3 scrolls of revelation
 S - 6 scrolls of butterflies
 U - a scroll of enchant armour
 Y - 6 scrolls of immolation
Potions
 b - 7 potions of ambrosia
 e - 6 potions of invisibility
 g - 6 potions of mutation
 h - 4 potions of resistance
 j - 7 potions of cancellation
 m - 18 potions of curing
 p - 5 potions of magic
 v - 9 potions of haste
 z - 5 potions of might
 A - 4 potions of lignification
 F - 10 potions of brilliance
 H - 4 potions of attraction
 O - 2 potions of berserk rage
 R - 3 potions of enlightenment
 V - a potion of heal wounds
Miscellaneous
 s - a box of beasts
 C - a lightning rod (4/4)
 T - a phantom mirror


   Skills:
 - Level 21.0 Fighting
 - Level 9.0 Armour
 - Level 12.7 Dodging
 - Level 18.0 Unarmed Combat
 - Level 8.0 Invocations
 - Level 5.0 Evocations
 + Level 20.8 Shapeshifting


You had 21 spell levels left.
You didn't know any spells.
Your spell library contained the following spells:

 Spells                   Type           Power      Damage    Failure   Level
 Apportation              Tloc           0%         N/A       34%         1
 Foxfire                  Conj/Fire      0%         2x1d4     34%         1
 Freeze                   Ice            0%         1d3       34%         1
 Kiss of Death            Conj/Necr      0%         2d5       34%         1
 Magic Dart               Conj           0%         1d3       34%         1
 Summon Small Mammal      Summ           0%         N/A       34%         1
 Blink                    Tloc           0%         N/A       47%         2
 Call Imp                 Summ           0%         N/A       47%         2
 Lesser Beckoning         Tloc           0%         N/A       47%         2
 Scorch                   Fire           0%         2d5       47%         2
 Searing Ray              Conj           0%         2d4       47%         2
 Sublimation of Blood     Necr           0%         N/A       47%         2
 Wereblood                Tmut           0%         N/A       47%         2
 Call Canine Familiar     Summ           0%         N/A       71%         3
 Confusing Touch          Hex            0%         N/A       71%         3
 Frozen Ramparts          Ice            0%         1d1       71%         3
 Gell's Gravitas          Tloc           0%         N/A       71%         3
 Hailstorm                Conj/Ice       0%         3d3       71%         3
 Ignite Poison            Fire/Tmut/Pois 0%         N/A       71%         3
 Inner Flame              Hex/Fire       0%         N/A       71%         3
 Mephitic Cloud           Conj/Pois/Air  0%         N/A       71%         3
 Ozocubu's Armour         Ice            0%         N/A       71%         3
 Portal Projectile        Hex/Tloc       0%         N/A       71%         3
 Stone Arrow              Conj/Erth      0%         3d7       71%         3
 Summon Guardian Golem    Hex/Summ       0%         N/A       71%         3
 Teleport Other           Tloc           0%         N/A       71%         3
 Tukima's Dance           Hex            0%         N/A       71%         3
 Vhi's Electric Charge    Tloc/Air       0%         N/A       71%         3
 Volatile Blastmotes      Fire/Tloc      0%         2d10      71%         3
 Animate Armour           Summ/Erth      0%         N/A       98%         4
 Dispel Undead            Necr           0%         3d6       98%         4
 Flame Wave               Conj/Fire      0%         2d4       98%         4
 Fulminant Prism          Conj/Hex       0%         3d5       98%         4
 Iskenderun's Mystic Bla  Conj/Tloc      0%         2d3       98%         4
 Leda's Liquefaction      Hex/Erth       0%         N/A       98%         4
 Manifold Assault         Tloc           0%         N/A       98%         4
 Sticky Flame             Conj/Fire      0%         2d3       98%         4
 Summon Ice Beast         Ice/Summ       0%         N/A       98%         4
 Alistair's Intoxication  Tmut/Pois      0%         N/A       100%        5
 Arcjolt                  Conj/Air       0%         1d10      100%        5
 Borgnjor's Vile Clutch   Necr/Erth      0%         N/A       100%        5
 Freezing Cloud           Conj/Ice/Air   0%         6-21      100%        5
 Lee's Rapid Deconstruct  Erth           0%         3d4*      100%        5
 Metabolic Englaciation   Hex/Ice        0%         N/A       100%        5
 Summon Forest            Summ/Tloc      0%         N/A       100%        5
 Summon Mana Viper        Hex/Summ       0%         N/A       100%        5
 Yara's Violent Unravell  Hex/Tmut       0%         3d3       100%        5
 Dispersal                Tloc           0%         N/A       100%        6
 Eringya's Noxious Bog    Tmut/Pois      0%         4d6       100%        6
 Leda's Unmaking          Conj/Erth      0%         9d1       100%        6
 Plasma Beam              Fire/Air       0%         2x1d10    100%        6
 Simulacrum               Ice/Necr       0%         N/A       100%        6
 Starburst                Conj/Fire      0%         6d3       100%        6
 Summon Cactus Giant      Summ           0%         N/A       100%        6
 Enfeeble                 Hex            0%         N/A       100%        7
 Monstrous Menagerie      Summ           0%         N/A       100%        7
 Orb of Destruction       Conj           0%         9d5       100%        7
 Ozocubu's Refrigeration  Ice            0%         4d7       100%        7
 Spellforged Servitor     Conj/Summ      0%         N/A       100%        7
 Summon Hydra             Summ           0%         N/A       100%        7
 Disjunction              Tloc           0%         N/A       100%        8
 Ignition                 Fire           0%         3d3       100%        8
 Maxwell's Capacitive Co  Air            0%         ∞         100%        8
 Chain Lightning          Conj/Air       0%         N/A       100%        9
 Fire Storm               Conj/Fire      0%         5d1       100%        9
 Polar Vortex             Ice            0%         N/A       100%        9
 Shatter                  Erth           0%         3d5*      100%        9


Dungeon Overview and Level Annotations

Branches:
Dungeon (15/15)            Temple (1/1) D:4            Lair (5/5) D:11
 Shoals (4/4) Lair:2        Snake (4/4) Lair:2        Slime (0/5) Lair:5
    Orc (2/2) D:10            Elf (3/3) Orc:2        Vaults (4/5) D:14
  Crypt (3/3) Vaults:3     Depths (0/4) D:15        Ossuary (visited)
 Bailey (visited)          WizLab (visited)         Desolation (visited)
   Tomb: Crypt:3

Altars:
Ashenzari
Cheibriados
Dithmenos
Elyvilon
Fedhas
Gozag
Hepliaklqana
Kikubaaqudgha
Makhleb
Nemelex Xobeh
Okawaru
Qazlal
Ru
Sif Muna
Trog
Uskayaw
Vehumet
Wu Jian
Xom
Yredelemnul
Zin
The Shining One

Shops:
D:2 [   D:6 *   D:11 *   Orc:2 =[*   Shoals:3 *   Vaults:1 ?

Portals:
Trove: Vaults:1 (give 14 scrolls of teleportation)

Annotations:
Elf:2 3 runed translucent doors


Innate Abilities, Weirdness & Mutations

You are a fearsome dragon!
You have a powerful clawing attack.
Your giant scaled body is strong and resilient, but less evasive.
You can breathe fire.
You are flying.
Your maximum health is greatly increased.
Your armour is entirely melded.
You are incapable of wielding weapons or throwing items.
Your life essence is reduced to manifest your ancestor. (-10% HP)
(You are completely covered in rugged brown scales. (AC +3, +7% HP))
((Armour fits poorly on your strangely shaped body.))
((You have a long armoured tail.))
You roll when moving toward enemies. (Rampage)
Your long tongue fully drains potion bottles. (2x potion effects)
Your tongue gives you trouble enunciating. (1.5x scroll delay)


Message History

You roll towards the ancient champion!
The ancient champion hits you with a +2 great sword of flaming!!
* * * LOW HITPOINT WARNING * * *
The ancient champion burns you.
* * * LOW HITPOINT WARNING * * *
The vampire knight gestures wildly while chanting.
The vampire knight flickers and vanishes!
Deactivating autopickup; reactivate with Ctrl-A.
You maul the ancient champion!!!
You claw the ancient champion, but do no damage.
The ancient champion is almost destroyed.
The ancient champion hits you with a +2 great sword of flaming.
* * * LOW HITPOINT WARNING * * *
Unknown command.
You maul the ancient champion!!!
You destroy the ancient champion!
Something hits you!!
* * * LOW HITPOINT WARNING * * *
Unknown command.
Something closely misses you. x2; Something barely misses you.
Something bites you.
* * * LOW HITPOINT WARNING * * *
Something draws strength from your injuries!
Things that are here:
a +2 great sword of flaming; a +0 plate armour You claw something!
You bite something. Something hits you!
* * * LOW HITPOINT WARNING * * *
Something bites you.
* * * LOW HITPOINT WARNING * * *
You barely miss something. You tail-slap something. Something hits you!!
* * * LOW HITPOINT WARNING * * *
Something bites you but does no damage. Something completely misses you.
Something barely misses you.
You closely miss something. Something hits you!
* * * LOW HITPOINT WARNING * * *
Something bites you.
* * * LOW HITPOINT WARNING * * *
Something draws strength from your injuries!
Something hits you!!
You die...

.....).[....##.........#
8.........8.##.........#
............##.........#
8.8.....8.8.##...#####.#
.......Z....##...# #.#
###.....########.# #.#
..#...)Z#...#..#.# #.#
....).))....#..#.# #.#
..8.....8WV....#D# #.#
......§..(.....#{# #.#
..8.....8......#.# #.#
.............V.#!# #.#
..8.....8......#.# #.#
............#z.#.#####.#
..#.....#...#..#.......#
###.....#####..#.......#
....... #..#§...)..#


There were no monsters in sight!

Vanquished Creatures
  A dread lich (Vaults:4)
  An ancient lich (Vaults:4)
  Boris (Crypt:3)
  Bai Suzhen (Shoals:4)
  Xtahua (Vaults:4)
  Norris (Vaults:1)
  Zenata (Vaults:1)
  A walking divine tome (WizLab)
  A deep elf blademaster (Elf:3)
  A sphinx (Vaults:1)
  2 liches (Crypt:2)
  A deep elf master archer (Elf:3)
  3 ancient champions
  4 tengu reavers
  Gastronok (D:8)
  2 nagarajas
  2 strange machines (WizLab)
  2 revenants
  Ilsuiw (Shoals:3)
  8 vault wardens
  A frost giant (Vaults:3)
  8 deep elf sorcerers
  An imperial myrmidon (Desolation)
  6 deep elf elementalists
  2 ghouls
  13 ironbound preservers
  4 orc warlords
  A very ugly thing (D:15)
  A juggernaut skeleton (Crypt:3)
  A reaper (Crypt:2)
  8 ironbound thunderhulks
  3 formless jellyfish
  A war gargoyle (Vaults:4)
  7 vampire knights
  6 deep elf demonologists
  9 deep elf annihilators
  16 dire elephants
  2 halazid warlocks (Desolation)
  2 eidola (Crypt:1)
  8 merfolk impalers
  5 deep elf death magi
  2 ettins
  3 crystal guardians
  2 entropy weavers
  4 merfolk javelineers
  9 yaktaur captains
  4 deep elf high priests
  4 jiangshi
  5 rakshasas (WizLab)
  12 servants of whispers
  2 ragged hierophants (Desolation)
  13 peacekeepers
  2 hydras
  9 great orbs of eyes
  2 catoblepae
  A fenstrider witch zombie (Crypt:3)
  3 vault guards
  Harold (Lair:2)
  2 spriggan skeletons (Crypt:1)
  13 anacondas
  5 boulder beetles
  11 ironbound frosthearts
  A quicksilver dragon skeleton (Crypt:1)
  A salamander tyrant (Snake:4)
  Erolcha (D:11)
  An alligator snapping turtle (Shoals:3)
  3 death knights
  22 dancing weapons
  11 centaur warriors
  3 merfolk avatars
  4 satyrs
  2 tengu warriors
  4 two-headed ogres
  7 merfolk aquamancers
  5 orc high priests (Orc:2)
  8 vampire magi
  7 naga warriors
  A shock serpent (shapeshifter) (D:13)
  A death yak (Lair:5)
  13 shock serpents
  11 naga sharpshooters
  A titan skeleton (Crypt:2)
  A storm dragon zombie (Crypt:3)
  12 skeletal warriors
  8 deep elf knights
  9 skysharks
  3 salamander mystics (Snake:4)
  26 deep trolls
  13 sea snakes
  A golden dragon zombie (Crypt:1)
  2 glowing orange brains
  A spark wasp zombie (Crypt:3)
  9 deep elf archers
  5 flayed ghosts
  4 wizards
  9 naga ritualists
  3 necromancers
  15 harpies
  18 ironbound convokers
  17 lindwurms
  7 orc knights
  21 deep elf zephyrmancers
  A human zombie (Crypt:1)
  29 deep elf pyromancers
  A stone giant zombie (Crypt:1)
  An iron dragon zombie (Crypt:2)
  11 mana vipers
  8 phantasmal warriors
  11 orc sorcerers
  8 salamanders
  16 ugly things
  6 cyclopes
  17 manticores
  8 merfolk sirens
  21 fauns
  11 guardian serpents
  18 vault sentinels
  2 molten gargoyles (Desolation)
  An eleionoma skeleton (Crypt:1)
  A torpor snail (Lair:1)
  9 water nymphs
  A gargoyle (Bailey)
  46 black mambas
  10 cane toads
  8 naga magi
  A death yak zombie (Crypt:1)
  2 rime drakes (shapeshifter)
  An unseen horror (D:12)
  19 yaktaurs
  2 efreet
  4 rime drakes
  5 komodo dragons
  6 freezing wraiths
  A tengu conjurer (D:15)
  A harpy zombie (Crypt:3)
  25 merfolk
  A minotaur skeleton (Crypt:1)
  5 wind drakes
  9 trolls
  A harpy skeleton (Crypt:2)
  An iron troll skeleton (Crypt:2)
  2 polar bears (Lair:5)
  A culicivora zombie (Crypt:2)
  A jumping spider zombie (Crypt:1)
  8 snapping turtles
  58 saltlings
  5 hornets (Lair:5)
  9 blink frogs
  A dream sheep (Lair:5)
  An air elemental (Elf:1)
  Sigmund (D:5)
  A fire dragon skeleton (Crypt:1)
  4 flying skulls (Crypt:1)
  A shadow (D:12)
  33 slime creatures
  11 spriggans (Lair:5)
  15 water elementals
  43 yaks
  10 vampires
  A naga simulacrum (Crypt:1)
  6 basilisks
  A fire elemental (Elf:3)
  5 wyverns
  4 wraiths
  A redback (Vaults:2)
  9 vampire mosquitoes
  2 wargs (Orc:2)
  31 nagas
  An acid dragon (D:11)
  A two-headed ogre zombie (Crypt:2)
  14 water moccasins
  2 ice beasts
  A hornet zombie (Ossuary)
  54 orc warriors
  3 sky beasts
  7 black bears
  A dream sheep zombie (Crypt:2)
  17 wolves
  3 boggarts (Lair:5)
  8 ogres (Orc:2)
  6 centaurs
  A phantom (D:7)
  A fire crab zombie (Crypt:3)
  12 bullfrogs
  Blork the orc (D:5)
  6 kobold brigands
  2 earth elementals
  A gnoll sergeant (D:12)
  A komodo dragon skeleton (Crypt:3)
  4 wyvern zombies (Ossuary)
  2 scorpions
  3 water moccasin zombies (Ossuary)
  4 wights (D:7)
  3 hexers
  A troll skeleton (Crypt:2)
  8 vampire bats (Bailey)
  6 electric eels
  A howler monkey (D:4)
  5 wolf zombies (Bailey)
  3 hounds
  Crazy Yiuf (D:4)
  6 bullfrog zombies (Ossuary)
  A gnoll bouda (D:3)
  7 jellies
  31 orc priests
  A sleepcap (D:7)
  A basilisk skeleton (Crypt:2)
  An iguana (D:4)
  Ijyb (D:5)
  21 orc wizards
  A statue (D:3)
  3 killer bee zombies (Ossuary)
  8 mummies (Ossuary)
  4 howler monkey zombies (Ossuary)
  17 gnolls
  10 adders
  19 orc zombies (Bailey)
  2 shadow imps
  5 white imps
  2 worms
  3 dart slugs
  84 orcs
  4 bats
  5 endoplasms
  2 giant cockroaches
  7 goblins
  14 hobgoblins
  7 jackals
  46 kobolds
  6 quokkas
  9 ball pythons
  4 frilled lizards
  A jackal zombie (Crypt:1)
  5 rats
  A spectral orc (D:4)
1658 creatures vanquished.

Vanquished Creatures (collateral kills)
  A walking crystal tome (WizLab)
  2 sphinxes
  A deep elf master archer (Elf:3)
  A deep elf sorcerer (Elf:3)
  A deep elf elementalist (Elf:3)
  An orc warlord (Orc:2)
  An ironbound thunderhulk (Vaults:2)
  2 vampire knights (Crypt:3)
  A dire elephant (Vaults:2)
  A ragged hierophant (Desolation)
  2 deep elf high priests (Elf:3)
  A merfolk impaler (Shoals:2)
  A deep elf death mage (Crypt:3)
  A jiangshi (Crypt:3)
  A great orb of eyes (Vaults:2)
  2 servants of whispers (Desolation)
  A hydra (Lair:4)
  An anaconda (Snake:1)
  A peacekeeper (Desolation)
  2 centaur warriors
  A naga warrior (Snake:4)
  An alligator snapping turtle (Shoals:4)
  2 two-headed ogres
  3 dancing weapons
  An Orb Guardian skeleton (Crypt:1)
  A satyr (Shoals:1)
  A vampire mage (Crypt:3)
  4 deep elf knights
  A bunyip zombie (Crypt:2)
  A death drake (shapeshifter) (Vaults:4)
  A sea snake (Shoals:4)
  A deep troll (Vaults:4)
  2 deep elf archers
  2 ironbound convokers
  A lindwurm (Vaults:1)
  A phantasmal warrior (Crypt:1)
  3 orc knights
  A harpy (Shoals:2)
  3 deep elf zephyrmancers
  4 deep elf pyromancers
  4 ugly things
  An orc sorcerer (Orc:1)
  3 mana vipers
  A manticore (Shoals:1)
  A cyclops (D:15)
  A shining eye (shapeshifter) (D:15)
  2 merfolk sirens
  A salamander (Snake:4)
  A vault sentinel (Vaults:4)
  5 black mambas
  5 cane toads
  A naga mage (Snake:3)
  A rime drake (Orc:1)
  A kobold demonologist (D:13)
  3 unseen horrors
  A komodo dragon (Lair:1)
  2 yaktaurs (Vaults:2)
  2 trolls
  A merfolk (Shoals:4)
  8 saltlings (Desolation)
  A hornet (D:9)
  4 blink frogs
  A flying skull (Crypt:1)
  4 slime creatures
  3 vampires
  3 wyverns
  9 yaks
  3 basilisks
  Eustachio (D:4)
  A vampire mosquito (D:11)
  4 nagas
  7 orc warriors
  2 ice beasts
  A centaur (D:12)
  4 wolves
  3 bullfrogs
  A wight (D:7)
  A howler monkey (D:8)
  A wolf zombie (Bailey)
  A vampire bat (Bailey)
  A bullfrog zombie (Ossuary)
  2 jellies
  A hound (D:6)
  2 mummies (Ossuary)
  2 centaur zombies (Ossuary)
  3 orc priests (Orc:2)
  2 gnoll boudas
  8 orc wizards
  A howler monkey zombie (Ossuary)
  5 gnolls
  2 adders
  A worm (D:4)
  31 orcs
  A ball python (D:4)
  A goblin (D:9)
  7 kobolds
  An orc skeleton (Crypt:1)
  2 orc zombies (Bailey)
233 creatures vanquished.

Vanquished Creatures (others)
  A deep elf elementalist (Elf:3)
  A deep elf annihilator (Elf:3)
  3 deep elf knights (Elf:2)
  A deep elf zephyrmancer (Elf:1)
  A water elemental (Elf:1)
  43 hexers
  An orc (D:5)
51 creatures vanquished.

Grand Total: 1942 creatures vanquished

Notes
Turn   | Place    | Note
-------+----------+-------------------------------------------
     0 | D:1      | Midn8 the Armataur Monk began the quest for the Orb.
     0 | D:1      | Reached XP level 1. HP: 19/19 MP: 1/1
   111 | D:1      | Reached XP level 2. HP: 26/26 MP: 2/2
   459 | D:1      | Reached XP level 3. HP: 32/32 MP: 3/3
  1169 | D:2      | Reached XP level 4. HP: 39/39 MP: 4/4
  1178 | D:2      | Found a faded altar of an unknown god.
  1182 | D:2      | Prayed at the altar of an unknown god.
  1182 | D:2      | Became a worshipper of Hepliaklqana the Forgotten
  1182 | D:2      | Reached * piety under Hepliaklqana
  1182 | D:2      | Reached ** piety under Hepliaklqana
  1398 | D:2      | Remembered your ancestor Arms 2 as a hexer
  1433 | D:2      | Reached *** piety under Hepliaklqana
  1451 | D:2      | Found a sparkling altar of Nemelex Xobeh.
  1452 | D:2      | Found Minor's Antique Armour Shoppe.
  1968 | D:3      | Reached skill level 5 in Unarmed Combat
  2214 | D:3      | Reached XP level 5. HP: 40/40 MP: 5/5
  2356 | D:3      | Found a radiant altar of Vehumet.
  2385 | D:3      | Noticed a charred statue
  2390 | D:3      | Killed a charred statue
  2452 | D:3      | Reached skill level 3 in Fighting
  2454 | D:3      | Reached XP level 6. HP: 26/49 MP: 6/6
  2682 | D:3      | You fall into a shaft and drop 3 floors!
  2707 | D:6      | Noticed an ice beast
  2713 | D:6      | Killed an ice beast
  2714 | D:6      | Reached skill level 4 in Fighting
  2732 | D:6      | Reached XP level 7. HP: 44/57 MP: 7/7
  2738 | D:6      | Found a sand-covered staircase.
  2776 | Ossuary  | Entered an ossuary
  2921 | Ossuary  | Reached skill level 1 in Shapeshifting
  2973 | Ossuary  | Reached XP level 8. HP: 45/64 MP: 8/8
  3549 | Ossuary  | Reached skill level 5 in Shapeshifting
  3783 | D:5      | Entered Level 5 of the Dungeon
  4016 | D:6      | Found Kuilokick's Assorted Antiques.
  4047 | D:5      | Noticed Eustachio
  4049 | D:5      | Noticed Blork the orc
  4059 | D:4      | Killed Eustachio
  4065 | D:4      | Reached XP level 9. HP: 50/68 MP: 7/9
  4328 | D:4      | Found a runed translucent door.
  4329 | D:4      | Noticed Crazy Yiuf
  4358 | D:4      | Found a staircase to the Ecumenical Temple.
  4378 | Temple   | Entered the Ecumenical Temple
  4433 | D:4      | Found the +7 Throatcutter {drain, coup de grace}
  4749 | D:4      | Reached **** piety under Hepliaklqana
  4784 | D:4      | Found a sparkling altar of Nemelex Xobeh.
  4803 | D:4      | Found an opulent altar of Gozag.
  4818 | D:4      | Found a shadowy altar of Dithmenos.
  4940 | D:4      | Found a basalt altar of Yredelemnul.
  4997 | D:4      | Killed Crazy Yiuf
  5127 | D:5      | Killed Blork the orc
  5259 | D:5      | Noticed Ijyb
  5268 | D:5      | Killed Ijyb
  5377 | D:5      | Noticed Sigmund
  5379 | D:5      | Killed Sigmund
  5525 | D:5      | Found a white marble altar of Elyvilon.
  5603 | D:5      | Found a shimmering blue altar of Sif Muna.
  5706 | D:6      | Found an iron altar of Okawaru.
  6249 | D:7      | Found an ornate altar of the Wu Jian Council.
  6377 | D:7      | Reached XP level 10. HP: 75/75 MP: 10/10
  6441 | D:7      | Found a shimmering altar of Xom.
  6829 | D:7      | Reached skill level 10 in Shapeshifting
  7284 | D:8      | Reached skill level 5 in Fighting
  7490 | D:8      | Reached ***** piety under Hepliaklqana
  7652 | D:8      | Found a burning altar of Makhleb.
  7785 | D:9      | Reached skill level 6 in Fighting
  7954 | D:9      | Found a flagged portal.
  8073 | Bailey   | Entered a bailey
  8095 | Bailey   | Reached skill level 7 in Fighting
  8286 | Bailey   | Noticed a gargoyle
  8294 | Bailey   | Killed a gargoyle
  8442 | Bailey   | Reached XP level 11. HP: 45/91 MP: 11/11
  8445 | Bailey   | Got the Anthology of Icy Transition
  8448 | Bailey   | Identified the +2 leather armour of Morality {rPois rF-
                  | Int+2}
  8841 | D:9      | Reached skill level 8 in Fighting
  9308 | D:10     | Entered Level 10 of the Dungeon
  9584 | D:2      | Bought a warped helmet for 275 gold pieces
  9584 | D:2      | Identified the +1 helmet of the Sun {Int+3 Dex+4} (You
                  | bought it in a shop on level 2 of the Dungeon)
 10001 | D:10     | Found a staircase to the Orcish Mines.
 10068 | D:10     | Noticed a two-headed ogre
 10211 | D:10     | Killed a two-headed ogre
 10379 | D:10     | Reached skill level 1 in Armour
 10787 | D:11     | Found Zin's Purification Station.
 10800 | D:11     | Found a glowing silver altar of Zin.
 10916 | D:11     | Reached skill level 5 in Armour
 11088 | D:11     | Found a staircase to the Lair.
 11113 | D:11     | Reached skill level 10 in Unarmed Combat
 11627 | D:8      | Noticed Gastronok
 11640 | D:8      | Killed Gastronok
 11641 | D:8      | Reached XP level 12. HP: 76/97 MP: 12/12
 12099 | D:11     | Noticed Erolcha
 12106 | D:11     | Killed Erolcha
 12116 | Lair:1   | Entered Level 1 of the Lair of Beasts
 12589 | Lair:1   | Reached skill level 1 in Invocations
 12957 | Lair:1   | Reached ****** piety under Hepliaklqana
 13628 | Lair:2   | Found a staircase to the Shoals.
 13695 | Lair:2   | Reached skill level 5 in Invocations
 13714 | Lair:2   | Noticed Harold
 13725 | Lair:2   | Killed Harold
 13732 | Lair:2   | Noticed a four-headed hydra
 13745 | Lair:2   | Killed a four-headed hydra
 13917 | Lair:2   | Reached skill level 9 in Fighting
 14020 | Lair:2   | Found a staircase to the Snake Pit.
 14503 | Lair:3   | Noticed a catoblepas
 14513 | Lair:3   | Killed a catoblepas
 14747 | Lair:3   | Reached skill level 10 in Fighting
 15053 | Lair:3   | Reached XP level 13. HP: 109/109 MP: 17/17
 15829 | Lair:4   | Identified the +2 robe of Too Many Cooks {rF+ Str+3 Dex+3}
 16381 | Lair:4   | Got the Quarto of the Deep Freeze and the Rocks
 16894 | Lair:5   | Entered Level 5 of the Lair of Beasts
 17288 | Lair:5   | Found a staircase to the Slime Pits.
 18466 | Lair:5   | HP: 5/130 [spriggan/+0 rapier (8)]
 18476 | Lair:5   | HP: 3/130 [spriggan/+0 short sword (4)]
 18958 | Lair:5   | Reached XP level 14. HP: 118/118 MP: 18/18
 19014 | Lair:5   | Identified the ring of Votintu {rPois Dex+5}
 19861 | D:12     | Reached skill level 11 in Fighting
 20526 | D:13     | Reached skill level 5 in Dodging
 20642 | D:13     | Reached skill level 1 in Evocations
 21781 | D:14     | Reached skill level 5 in Evocations
 22905 | D:14     | Found a gate to the Vaults.
 22947 | D:15     | Entered Level 15 of the Dungeon
 23115 | D:15     | Reached skill level 15 in Unarmed Combat
 23339 | Orc:1    | Entered Level 1 of the Orcish Mines
 23548 | Orc:2    | Entered Level 2 of the Orcish Mines
 24736 | Orc:2    | Reached XP level 15. HP: 125/125 MP: 19/19
 24948 | Orc:2    | Identified a scroll of acquirement
 24949 | Orc:2    | Acquired the +6 lightning scales {swift, rElec}
 24949 | Orc:2    | Found the +6 lightning scales {swift, rElec}
 25154 | Orc:2    | Found a staircase to the Elven Halls.
 25412 | Orc:2    | Acquired the amulet "Meankimu" {Acrobat +Blink rF+++ Regen+
                  | Int-2}
 25707 | Orc:2    | Found Xitich's Armour Shop.
 25765 | Orc:2    | Found Amar's Jewellery Shoppe.
 25988 | Orc:2    | Found Opiablyezoch's General Store.
 26046 | Orc:2    | Found Touv's Antique Weapon Shop.
 26476 | Orc:2    | Bought a dragon-blood talisman for 1200 gold pieces
 27044 | D:15     | Identified the +3 leather armour of Lugonu, Nurturing
                  | {rPois rC+}
 27285 | D:15     | Found a staircase to the Depths.
 27965 | Snake:1  | Entered Level 1 of the Snake Pit
 28770 | Snake:1  | Reached XP level 16. HP: 122/132 MP: 20/20
 29869 | Snake:3  | Reached skill level 15 in Shapeshifting
 30962 | Snake:4  | Entered Level 4 of the Snake Pit
 31427 | Snake:4  | Reached skill level 12 in Fighting
 31613 | Snake:4  | Reached XP level 17. HP: 143/143 MP: 21/21
 31719 | Snake:4  | Reached skill level 13 in Fighting
 32001 | Snake:4  | Found the +3 pair of seven-league boots {Rampage+∞}
 32317 | Snake:4  | Got a serpentine rune of Zot
 32608 | Elf:1    | Entered Level 1 of the Elven Halls
 32926 | Elf:1    | Reached skill level 14 in Fighting
 32927 | Elf:1    | Paralysed by an air elemental for 1 turns
 33874 | Elf:2    | Found a shimmering blue altar of Sif Muna.
 33977 | Elf:2    | Reached skill level 15 in Fighting
 34106 | Elf:2    | Found a runed translucent gate.
 34106 | Elf:2    | Found a runed translucent gate.
 34109 | Elf:2    | Found a runed translucent gate.
 34313 | Elf:2    | Reached XP level 18. HP: 161/161 MP: 22/22
 34317 | Elf:2    | Reached skill level 16 in Fighting
 34387 | Elf:2    | Got the Parchment of the Throng
 34705 | Elf:3    | Entered Level 3 of the Elven Halls
 35414 | Shoals:1 | Entered Level 1 of the Shoals
 35514 | Shoals:1 | Reached skill level 17 in Fighting
 37730 | Shoals:3 | Found Ogaypikh's Assorted Antiques.
 38134 | Shoals:4 | Entered Level 4 of the Shoals
 38172 | Shoals:4 | HP: 8/244 [merfolk impaler/+0 demon trident of
                  | electrocution (17)]
 38183 | Shoals:4 | Reached XP level 19. HP: 67/171 MP: 21/23
 38357 | Shoals:4 | Got a barnacled rune of Zot
 38500 | Shoals:4 | Identified the staff of the Spider Nest {Fly rElec rPois
                  | Poison}
 38647 | Shoals:4 | Noticed Ilsuiw
 38718 | Shoals:3 | Killed Ilsuiw
 39011 | Shoals:4 | Noticed Bai Suzhen
 39020 | Shoals:4 | Killed Bai Suzhen
 39441 | Shoals:4 | Identified the +0 pair of gloves of the Heavens {rC+
                  | Stlth+}
 39570 | Shoals:4 | Identified the amulet "Vunlapt" {Acrobat rF+ Will+ Int-3
                  | Dex+2}
 40781 | Elf:3    | Reached skill level 18 in Fighting
 40970 | Elf:3    | Acquired 536 gold pieces
 41107 | Orc:2    | Bought the ring of the Heron {rC+++ rN+ Slay+2 Stlth-} for
                  | 1035 gold pieces
 41278 | Elf:3    | Identified the +1 leather armour of Knowledge {rElec rPois
                  | rN+++ Dex-4}
 41306 | Elf:3    | Identified the ring of the Heavens {rPois rF+ Dex+6}
 41351 | Elf:3    | Identified the +10 dagger of Nightmares {spect, *Slow rPois
                  | Dex+4}
 41351 | Elf:3    | Identified the amulet "Ythras" {Acrobat Rampage rF+ Int-2}
 41367 | Elf:3    | Identified the +0 chain mail of the Solemn Shishi {Fly rC+
                  | Str+4}
 41371 | Elf:3    | Identified the +6 shortbow "Okut" {heavy, rPois Int+5
                  | Dex+2}
 41447 | Elf:3    | Identified the amulet "Ukhlaf" {rC+ Regen+}
 41465 | Elf:3    | Identified the staff "Xiog" {rF+ Will+ Str+3 Int+4 Fire}
 41930 | Vaults:1 | Entered Level 1 of the Vaults
 41985 | Vaults:1 | Noticed Zenata
 41994 | Vaults:1 | Killed Zenata
 42128 | Vaults:1 | Reached skill level 19 in Fighting
 42351 | Vaults:1 | Noticed Norris
 42363 | Vaults:1 | Killed Norris
 42454 | Vaults:1 | Reached XP level 20. HP: 185/185 MP: 26/26
 42734 | Vaults:1 | Acquired a manual of Dodging
 42859 | Vaults:1 | Reached skill level 20 in Fighting
 42970 | Vaults:1 | Found a portal to a secret trove of treasure.
 42970 | Vaults:1 | Found Wadghyad's Magic Scroll Boutique.
 42992 | Vaults:1 | Bought a scroll of teleportation for 54 gold pieces
 42992 | Vaults:1 | Bought a scroll of blinking for 135 gold pieces
 42992 | Vaults:1 | Bought a scroll of blinking for 135 gold pieces
 43139 | Vaults:1 | You are sucked into a shaft and drop 1 floor!
 43307 | Vaults:2 | Reached skill level 10 in Dodging
 45042 | Vaults:3 | Found a staircase to the Crypt.
 45042 | Vaults:3 | Found an ancient bone altar of Kikubaaqudgha.
 45042 | Vaults:3 | Found a basalt altar of Yredelemnul.
 46369 | Vaults:4 | Reached XP level 21. HP: 194/194 MP: 27/27
 46398 | Vaults:4 | Noticed Xtahua
 46405 | Vaults:4 | Killed Xtahua
 46632 | Vaults:4 | Found a crumbling gateway.
 46648 | Desolati | Entered the Desolation of Salt
 46788 | Desolati | Got the Spellbook of Pneumatic Violence
 46816 | Desolati | Got the Annotations on the Familiar
 47076 | Desolati | Identified the +5 flail of Noublaz {freeze, *Rage rC- rCorr
                  | Str+4}
 47079 | Desolati | Got the Grimoire of Ruinous Hoarfrost
 47143 | Desolati | Found the +1 Delatra's gloves {ID++}
 47145 | Desolati | Identified the +8 war axe "Fac Oss" {flame, rN++ Int+4
                  | Dex-4}
 47327 | Desolati | Reached skill level 21 in Fighting
 48076 | Vaults:4 | Noticed a dread lich
 48076 | Vaults:4 | Noticed an ancient lich
 48131 | Vaults:4 | Killed a dread lich
 48738 | Orc:2    | Bought a +0 pair of gloves of infusion for 172 gold pieces
 48802 | Orc:2    | Bought a scroll of enchant armour for 82 gold pieces
 49460 | Vaults:4 | Killed an ancient lich
 49752 | Crypt:1  | Entered Level 1 of the Crypt
 49944 | Crypt:1  | Reached XP level 22. HP: 206/206 MP: 28/28
 50688 | Crypt:2  | Found a magical portal.
 50736 | WizLab   | Entered Tukima's Studio
 50953 | WizLab   | Noticed Midn8's illusion
 50986 | WizLab   | Identified the +0 barding of the Barber Surgeon {Regen+}
 51907 | Crypt:3  | Entered Level 3 of the Crypt
 52047 | Crypt:3  | Noticed Boris
 52052 | Crypt:3  | Killed Boris
 52402 | Crypt:3  | Paralysed by something for 5 turns
 52438 | Crypt:3  | HP: 11/309 [something (8)]
 52438 | Crypt:3  | Demolished by a vampire knight

Illustrated notes

Levels and vault maps discovered:
D:1:      tekkud_arrival_beachfront_property, layout_basic, corexii_corridor_pit
D:2:      cheibrodos_old_hovel, layout_basic, ebering_ecumenical_altar_rust,
          basic_altar, serial_shops, shop
D:3:      layout_basic, vehumet_statue, grunt_ministairs_13,
          minmay_misc_feat_diagonals
D:4:      layout_loops_ring, yredelemnul_forgotten_temple_becter,
          nemelex_spade_bored_becter, grunt_dithmenos_smoke,
          mainiacjoe_overflow_alcove_2, minmay_temple_entry_statues,
          eino_small_chamber_without_monster, dilly_guarded_unrand_throatcut,
          uniq_crazy_yiuf_cottage
D:5:      layout_cave_pools, mainiacjoe_overflow_alcove_1, elyvilon_altar_3,
          cheibrodos_gnoll_hut, uniq_eustachio, uniq_ijyb, uniq_sigmund,
          uniq_blork_the_orc
D:6:      layout_cave_pools, okawaru_altar_gauntlet_db, serial_shops,
          nicolae_shop_tiny_glass, enter_ossuary_5
D:7:      layout_cave_pools, tgw_xom, nzn_wu_jian_contemplation, serial_bayou,
          serial_bayou_pond_c, serial_bayou_shore_b, serial_bayou_pond_d,
          serial_bayou_ford_a, hangedman_abyss_or_decor_stagger
D:8:      layout_rooms, makhleb_grotto_becter, uniq_gastronok
D:9:      layout_irregular_city, enter_bailey_7
D:10:     layout_basic, minmay_orc_entry_temple_small
D:11:     layout_rooms, minmay_lair_entry_grove, zin_purify, uniq_erolcha
D:12:     layout_long_grid, minmay_fractal_squares_5
D:13:     layout_loops_ring, minmay_misc_feat_x, grunt_ministairs_2,
          kennysheep_generic_room_7
D:14:     layout_irregular_city, david_vaults_5, minmay_misc_feat_columns
D:15:     gammafunk_enter_depths_forms, layout_basic, minmay_fountain_box
Temple:   grunt_temple_mini_profane
Lair:1:   layout_roguey
Lair:2:   layout_misc_corridors, elwin_shoals_entry_rooms, dummy_snake_entry,
          grunt_forest_small_clearings, serial_bayou_shore_b, uniq_harold
Lair:3:   layout_regular_city, serial_rivers, chequers_serial_rivers_room_b,
          chequers_serial_rivers_micro_a, chequers_serial_rivers_room_b,
          chequers_serial_rivers_small_3, chequers_serial_rivers_marsh
Lair:4:   layout_hall_layers, grunt_megastairs_3, serial_bayou_shore_a,
          serial_bayou_shore_b
Lair:5:   minmay_lair_end_enchanted_forest, layout_cellular_growth,
          nicolae_slime_entry_field_trip, lemuel_fruit_tree
Shoals:1: cheibrodos_shoals_oceanic_diplomacy, layout_shoals
Shoals:2: layout_shoals
Shoals:3: layout_shoals, serial_shops, shop
Shoals:4: shoals_end_hangedman, layout_shoals, shoals_ilsuiw_ice,
          uniq_bai_suzhen
Snake:1:  layout_cave_shapes, grunt_megastairs_1
Snake:2:  layout_gridlike
Snake:3:  layout_cave_town, evilmike_ambush [evilmike_ambush_outer_basic,
          evilmike_ambush_inner_basic], grunt_megastairs_2
Snake:4:  snake_pit_salamanders_mu, layout_cave_town, st_stairs_12
Orc:1:    layout_caves, portal_ice_cave_rime
Orc:2:    pubby_orc_utopia
Elf:1:    elf_arrival_002, layout_loops_corners, evilmike_minifort
Elf:2:    nicolae_elf_blades_splatter_lattice
          [nicolae_blade_entry_area_security], layout_geoelf_octagon,
          basic_altar, minmay_elf_demonology
Elf:3:    minmay_elf_hall_four_x, layout_loops_cross
Vaults:1: nicolae_vaults_shipping_containers_5, vaults_room_stairs_pillars,
          dpeg_vaults_monster_box, nicolae_vaults_trapezoid_1,
          nicolae_vaults_prndl, v_misc_1, nicolae_vaults_ring_of_whatevers,
          nicolae_vaults_six-pack, nicolae_vaults_trapezoid_2,
          layout_vaults_omnigrid, nicolae_trove_entry_isolated, serial_shops,
          nicolae_shop_peninsula, uniq_norris, uniq_zenata
Vaults:2: nicolae_vaults_prndl, nicolae_vaults_rhombus_5, vaults_mumra_chevron,
          nicolae_vaults_apartment_1, hangedman_vaults_stitches,
          nicolae_vaults_inception_statues, v_rooms_5,
          nicolae_vaults_steering_wheel, nicolae_vaults_mitosis,
          nicolae_vaults_house_3, nicolae_vaults_tetromino_T_1,
          vaults_standard_mumra_lines, nicolae_vaults_tetromino_Z_1,
          ontoclasm_vaults_ring_square, nicolae_vaults_border_crossing,
          st_lattice, nicolae_vaults_trapezoid_3, layout_vaults_omnibox
Vaults:3: minmay_crypt_entry_necro_gods, nicolae_vaults_closet_pinwheel_3,
          nicolae_vaults_security_offices_1, nicolae_vaults_tangram_1,
          nicolae_vaults_trapezoid_lopsided_2, vaults_mumra_hexcomb, v_misc_10,
          ontoclasm_vaults_pinch, vaults_dpeg_ring, layout_vaults_chaotic_city
Vaults:4: portal_desolation_entry_salt, nicolae_vaults_security_offices_3,
          nicolae_vaults_what_the_h, v_alt_pattern_4, v_rooms_1,
          hangedman_vaults_stretched_pinwheel, v_misc_24, vaults_mumra_lcd,
          hangedman_vaults_stretched_pinwheel, hangedman_vaults_slice,
          v_misc_13, vaults_room_grunt_arrival_ludios, layout_vaults_big_cross,
          uniq_xtahua
Crypt:1:  layout_catacombs, grunt_crypt_arrival_webbed
Crypt:2:  layout_misc_corridors, infiniplex_enter_wizlab_water
Crypt:3:  due_elkab, layout_chaotic_city, nicolae_tomb_entry_rubble_hallway,
          uniq_boris

Skill      XL: |  1  2  3  4  5  6  7  8  9 10 11 12 13 14 15 16 17 18 19 20 21 22 |
---------------+-------------------------------------------------------------------+-----
Unarmed Combat | 3 4 5 6 8 11 14 15 16 17 18 | 18.0
Fighting       | 3 4 7 8 10 11 12 15 17 19 20 21 | 21.0
Shapeshifting  | 2 6 9 10 11 13 16 18 20 | 20.8
Dodging        | 4 5 8 12 | 12.7
Armour         | 6 9 |  9.0
Invocations    | 6 8 |  8.0
Evocations     | 5 |  5.0

Action                     |  1- 3 |  4- 6 |  7- 9 | 10-12 | 13-15 | 16-18 | 19-21 | 22-24 || total
---------------------------+-------+-------+-------+-------+-------+-------+-------+-------++-------
  Melee: Unarmed           |    82 |   112 |   343 |   720 |  1062 |   847 |   936 |   285 ||  4387
         Tailslap          |    13 |    21 |    44 |    88 |    85 |   129 |   180 |    64 ||   624
         Constrict         |       |       |    30 |    70 |   159 |       |       |       ||   259
         Punch             |       |       |       |       |    19 |    73 |   130 |    44 ||   266
         Bite              |       |       |       |       |    14 |    97 |   136 |    47 ||   294
 Invoke: Recall Ancestor   |       |     2 |     1 |       |     1 |     9 |    12 |       ||    25
         Ancestor Life: He |       |     1 |       |       |       |       |       |       ||     1
         Ancestor Identity |       |     1 |       |       |       |       |       |       ||     1
         Transference      |       |       |       |     1 |       |       |       |       ||     1
         Idealise          |       |       |       |       |       |     4 |     2 |       ||     6
Ability: Breathe Fire      |       |       |       |       |     4 |    23 |    23 |     2 ||    52
         Evoke Blink       |       |       |       |       |       |     1 |       |       ||     1
  Evoke: Wand              |       |       |       |     5 |     1 |       |     1 |       ||     7
         Phantom mirror    |       |       |       |       |     1 |       |       |       ||     1
    Use: Scroll            |       |       |    15 |     9 |    11 |     5 |     5 |     4 ||    49
         Potion            |       |       |       |     2 |     1 |     2 |       |     1 ||     6
   Stab: Confused          |       |     2 |    22 |    13 |    20 |    13 |    25 |    14 ||   109
         Distracted        |       |     1 |     2 |    10 |    14 |    14 |    15 |       ||    56
         Sleeping          |       |       |     2 |     3 |     7 |     4 |       |       ||    16
         Paralysed         |       |       |       |       |    35 |    29 |    49 |    13 ||   126
 Armour: Robe              |    12 |    17 |    26 |       |       |       |       |       ||    55
         Skin              |       |       |    44 |   138 |   268 |   216 |   236 |    84 ||   986
         Chain mail        |       |       |       |   229 |   142 |       |       |       ||   371
  Dodge: Dodged            |    38 |    42 |   135 |   258 |   401 |   395 |   431 |   153 ||  1853
   Form: Anaconda          |       |       |     1 |     1 |       |       |       |       ||     2
         Flux              |       |       |       |     1 |     3 |       |       |       ||     4
                           |       |       |       |       |     2 |       |     1 |     1 ||     4
         Dragon            |       |       |       |       |     1 |       |     2 |     2 ||     5
         Death             |       |       |       |       |       |       |     1 |     1 ||     2

Table legend: (Time is in decaauts)
 A = Elapsed time spent in this place.
 B = Non-inter-level travel time spent in this place.
 C = Inter-level travel time spent in this place.
 D = Time resting spent in this place.
 E = Time spent auto-exploring this place.
 F = Levels seen in this place.
 G = Mean time per level.
                   A        B        C        D        E       F      G
               +--------+--------+--------+--------+--------+-----+--------+
         Total |  51299 |  46585 |   4714 |  14282 |  22822 |  45 | 1140.0 |
       Dungeon |  16520 |  14227 |   2293 |   3784 |   7936 |  15 | 1101.3 |
        Temple |      1 |      1 |      0 |      0 |      0 |   1 |    1.0 |
          Lair |   7115 |   6734 |    381 |   2744 |   3003 |   5 | 1423.0 |
        Shoals |   4370 |   4224 |    146 |   1107 |   2323 |   4 | 1092.5 |
     Snake Pit |   4373 |   4193 |    180 |   1333 |   1922 |   4 | 1093.2 |
  Orcish Mines |   3666 |   2985 |    681 |   1182 |    964 |   2 | 1833.0 |
   Elven Halls |   4014 |   3613 |    401 |   1182 |   1660 |   3 | 1338.0 |
        Vaults |   6212 |   5675 |    537 |   1275 |   3374 |   4 | 1553.0 |
         Crypt |   2153 |   2061 |     92 |    379 |   1126 |   3 |  717.7 |
       Ossuary |    967 |    967 |      0 |    621 |     87 |   1 |  967.0 |
        Bailey |    643 |    643 |      0 |    345 |     63 |   1 |  643.0 |
        Wizlab |    435 |    435 |      0 |    190 |     47 |   1 |  435.0 |
    Desolation |    825 |    825 |      0 |    139 |    317 |   1 |  825.0 |
               +--------+--------+--------+--------+--------+-----+--------+

Top non-repeatable levels by time:
   Orc:2: 2911 daAuts
  Lair:5: 2028 daAuts
Vaults:3: 1631 daAuts
Vaults:1: 1625 daAuts
Vaults:2: 1570 daAuts
    D:14: 1554 daAuts
  Lair:1: 1455 daAuts
    D:15: 1434 daAuts
 Snake:4: 1431 daAuts
    D:12: 1413 daAuts
   Elf:2: 1395 daAuts
Vaults:4: 1385 daAuts
   Elf:3: 1365 daAuts
  Lair:3: 1323 daAuts
Shoals:4: 1306 daAuts
